 Dungeon Crawl Stone Soup version 0.21.1-1-g345015f (webtiles) character file.

70 blaueavocado the Conjurer (level 4, -1/33 HPs)
             Began as a Human Wanderer on Apr 23, 2018.
             Slain by a hound (4 damage)
             ... on level 2 of the Dungeon.
             The game lasted 00:04:43 (1434 turns).

blaueavocado the Conjurer (Human Wanderer)          Turns: 1434, Time: 00:04:43

Health: -1/33      AC:  9    Str: 13    XL:     4   Next: 44%
Magic:  4/4        EV:  8    Int: 13    God:
Gold:   102        SH:  0    Dex: 12    Spells: 3/3 levels left

rFire    . . .     SeeInvis .   b - +0 shortbow
rCold    . . .     Gourm    .   (shield currently unavailable)
rNeg     . . .     Faith    .   t - +0 scale mail
rPois    .         Spirit   .   (no helmet)
rElec    .         Reflect  .   g - +2 cloak
rCorr    .         Harm     .   (no gloves)
MR       .....                  (no boots)
Stlth    ..........             (no amulet)
HPRegen  0.11/turn              (no ring)
MPRegen  0.09/turn              (no ring)

@: no status effects
A: no striking features
a: no special abilities


You were on level 2 of the Dungeon.
You were not hungry.

You visited 1 branch of the dungeon, and saw 2 of its levels.

You collected 102 gold pieces.

Inventory:

Hand Weapons
 b - a +0 shortbow (weapon)
 i - a +0 dagger
 s - a +1 short sword of venom
Missiles
 c - 2 arrows (quivered)
Armour
 g - a +2 cloak (worn)
 o - a +0 leather armour
 t - a +0 scale mail (worn)
Scrolls
 d - 4 scrolls of teleportation
 e - 2 scrolls of amnesia {unknown}
 h - a scroll of enchant armour {unknown}
 k - 2 scrolls of identify {unknown}
 l - a scroll of fear {unknown}
 q - a scroll of noise {unknown}
Potions
 j - 3 potions of curing {unknown}
 m - a potion of degeneration {unknown}
 n - a potion of heal wounds {unknown}
 p - a potion of agility {unknown}
Books
 a - a book of Minor Magic

   Spells                             Type                      Level
   a - Magic Dart                     Conjuration                  1
   b - Blink                          Translocation                2
   c - Call Imp                       Summoning                    2
   d - Slow                           Hexes                        2
   e - Conjure Flame                  Conjuration/Fire             3
   f - Mephitic Cloud                 Conjuration/Poison/Air       3
Comestibles
 f - 6 rations


   Skills:
 + Level 2.2 Fighting
   Level 3.0 Maces & Flails
 * Level 3.0 Bows
 - Level 2.0 Throwing
 - Level 1.0 Armour
   Level 3.0 Conjurations


You had 3 spell levels left.
You didn't know any spells.

Dungeon Overview and Level Annotations

Branches:
Dungeon (2/15)

Altars:


Message History

Press: ? - help, Shift-Dir - straight line, f/p - hound
Aim: a hound (almost dead)
You shoot an arrow. The arrow barely misses the hound.
The hound bites you but does no damage. The hound bites you.
* * * LOW HITPOINT WARNING * * *
Firing (i - inventory):
c - 4 arrows (quivered)
Press: ? - help, Shift-Dir - straight line, f/p - hound
Aim: a hound (almost dead)
You shoot an arrow. The arrow misses the hound.
The hound bites you.
* * * LOW HITPOINT WARNING * * *
The hound bites you.
* * * LOW HITPOINT WARNING * * *
Firing (i - inventory):
c - 3 arrows (quivered)
Press: ? - help, Shift-Dir - straight line, f/p - hound
Aim: a hound (almost dead)
You shoot an arrow.
The arrow hits the hound but does no damage.
The hound is almost dead.
The hound bites you.
You die...

#.#.#
#.........#
##.##
#....####.#
..#.# ##.#..#
..###
#..#..####.##
...#
###.........#
(#.#
#...####..#
.###
###...####..#
.#
#...........#
.#
#(.(h@####..#
..#
#....(((..(..
#....
..(.##.#.(...(.
.#.#. (### #.
####.(# .####
#. .# .# #. .#
.. .# ## .


You could see a hound.

Vanquished Creatures
  4 adders (D:2)
  A leopard gecko (D:2)
  6 bats
  3 giant cockroaches (D:1)
  5 hobgoblins
  4 kobolds
  A frilled lizard (D:1)
  4 goblins
  3 rats
31 creatures vanquished.

Notes
Turn   | Place    | Note
-------+----------+-------------------------------------------
     0 | D:1      | blaueavocado the Human Wanderer began the quest for the Orb.
     0 | D:1      | blaueavocado set off with: a book of Minor Magic, a +0 shortbow, 24 arrows, a scroll of teleportation, a +0 robe, a ration
     0 | D:1      | Reached XP level 1. HP: 15/15 MP: 1/1
    91 | D:1      | Reached skill level 1 in Bows
    91 | D:1      | Reached XP level 2. HP: 21/21 MP: 2/2
   849 | D:2      | Reached XP level 3. HP: 8/26 MP: 3/3
  1094 | D:2      | Reached XP level 4. HP: 33/33 MP: 4/4
  1434 | D:2      | Slain by a hound

Skill      XL: |  1  2  3  4 |
---------------+-------------+-----
Bows           | 1 2 3 |  3.0
Fighting       | 2 |  2.2
Maces & Flails | |  3.0
Throwing       | |  2.0
Armour         | |  1.0
Conjurations   | |  3.0

Action                   |  1- 3 |  4- 6 || total
-------------------------+-------+-------++-------
Melee: Dagger            |    81 |       ||    81
 Fire: Shortbow          |    29 |    58 ||    87
 Stab: Sleeping          |     1 |       ||     1
  Eat: Chunk             |       |     2 ||     2
Armor: Leather armour    |    22 |     3 ||    25
       Robe              |     7 |       ||     7
       Scale mail        |       |    15 ||    15
Dodge: Dodged            |    54 |    19 ||    73
